 Dungeon Sprint DCSS version 0.31-a0-1-g4198be8af4 (webtiles) character file.

Game seed: 2235806240098166595

31662 fozzywoppz the Warrior (level 13, -5/135 (140) HPs)
             Began as a Minotaur Fighter on Apr 30, 2023.
             Was the Champion of Okawaru.
             Slain by a pharaoh ant (12 damage)
             ... in the Dungeon (Sprint IX: "|||||||||||||||||||||||||||||").
             The game lasted 00:11:46 (2539 turns).

fozzywoppz the Warrior (Minotaur Fighter)           Turns: 2539, Time: 00:11:47

HP:   -5/135 (140)  AC: 28    Str: 27    XL:     13   Next: 27%
MP:   21/21         EV: 18    Int:  5    God:    Okawaru [******]
Gold: 74            SH: 19    Dex: 12    Spells: 12/12 levels left

rFire   . . .        n - +2 morningstar (protect)
rCold   . . .        D - +1 tower shield
rNeg    . . .        u - +0 plate armour
rPois   .            (helmet restricted)
rElec   .            d - scarf {harm}
rCorr   .            E - +1 pair of gloves
SInv    .            (no boots)
Will    .....        w - amulet of regeneration Stlth
                     v - +5 ring of evasion
HPRegen 1.22/turn    p - +3 ring of strength
MPRegen 0.17/turn

%: no teleportation, harm (+30% outgoing, +20% incoming)
@: under a protective aura, on berserk cooldown, slowed, lightly drained, very
slow
A: horns 2, retaliatory headbutt
a: Renounce Religion, Heroism, Finesse


You were in the Dungeon.
You worshipped Okawaru.
Okawaru was exalted by your worship.
You visited 1 branch You collected 1317 gold pieces.
You spent 1243 gold pieces at shops.

Inventory:

Hand Weapons
 n - a +2 morningstar of protection (weapon)
Missiles
 i - 5 curare-tipped darts (quivered)
 x - a throwing net
Armour
 d - a scarf of harm (worn)
 u - a +0 plate armour (worn)
 D - a +1 tower shield (worn)
 E - a +1 pair of gloves (worn)
 G - +2 fire dragon scales
Jewellery
 b - a +2 ring of evasion
 p - a +3 ring of strength (right hand)
 v - a +5 ring of evasion (left hand)
 w - an amulet of regeneration (around neck)
 y - a ring of protection from fire
 C - a ring of willpower
Wands
 m - a wand of iceblast (2)
Scrolls
 c - 2 scrolls of enchant armour
 j - 3 scrolls of blinking
 l - 2 scrolls of amnesia
 s - 5 scrolls of fog
 t - a scroll of identify
 F - 3 scrolls of fear
Potions
 a - a potion of berserk rage
 e - 7 potions of curing
 f - 2 potions of might
 g - 2 potions of resistance
 h - 4 potions of magic
 k - a potion of invisibility
 o - a potion of haste
 q - 3 potions of heal wounds
 r - 2 potions of brilliance
 z - a potion of ambrosia {unknown}


   Skills:
 + Level 20.5 Fighting
 - Level 18.0 Maces & Flails
 + Level 4.3 Throwing
 + Level 18.9 Armour
 + Level 15.7 Dodging
 + Level 15.8 Shields
 - Level 13.0 Invocations


You had 12 spell levels left.
You didn't know any spells.
Your spell library was empty.

Dungeon Overview and Level Annotations

Branches:
Dungeon (1/1)

Altars:
Cheibriados
Dithmenos
Elyvilon
Fedhas
Gozag
Hepliaklqana
Kikubaaqudgha
Makhleb
Nemelex Xobeh
Okawaru
Qazlal
Ru
Sif Muna
Trog
Uskayaw
Vehumet
Wu Jian
Xom
Yredelemnul
Zin
The Shining One
Jiyva
Lugonu

Shops:
D !=([


Innate Abilities, Weirdness & Mutations

You have a pair of horns on your head.
You reflexively headbutt those who attack you in melee.


Message History

You sock the redback!
The redback is heavily wounded.
You block the redback's attack.
You barely miss the redback. You headbutt the redback.
The redback is severely wounded.
The jumping spider leaps!
You block the redback's attack.
You sock the redback!
You kill the redback!
Okawaru accepts your kill.
You bludgeon the redback!! Your headbutt misses the redback.
The redback is almost dead.
You are no longer berserk.
You are exhausted.
You feel yourself slow down.
You impale the redback!!
You kill the redback!
Okawaru accepts your kill.
You impale the jumping spider!!
The jumping spider is severely wounded.
You block the jumping spider's attack.
The jumping spider bites you but does no damage.
The jumping spider leaps!
You closely miss the pharaoh ant.
The jumping spider leaps!
You block the pharaoh ant's attack. The pharaoh ant completely misses you.
You thump the pharaoh ant!
The pharaoh ant is heavily damaged.
The jumping spider leaps!
You block the pharaoh ant's attack.
You hit the pharaoh ant but do no damage.
Your headbutt misses the pharaoh ant.
The pharaoh ant is heavily damaged.
The pharaoh ant bites you!
* * * LOW HITPOINT WARNING * * *
You block the pharaoh ant's attack.
The jumping spider leaps!
You hit the pharaoh ant but do no damage.
You headbutt the pharaoh ant!!
The pharaoh ant is almost destroyed.
You block the pharaoh ant's attack. The pharaoh ant bites you!!
* * * LOW HITPOINT WARNING * * *
You feel drained.
You die...

▓.▓.▓)▓.▓)▓.▓.▓.▓_
▓†▓.▓)▓.▓)▓.▓.▓.▓_
▓†▓.▓)▓.▓.▓.▓.▓.▓_
▓.▓.▓)▓.▓)▓.▓†▓.▓_
▓.▓.▓)▓.▓)▓.▓.▓.▓_
▓°▓.▓.▓.▓)▓.▓.▓.▓_
▓.▓.▓.▓.▓.▓.▓.▓.▓_
▓s▓.▓[▓.▓.▓.▓.▓.▓_
▓@▓.▓[▓.▓.▓.▓.▓.▓_
▓B▓.▓.▓.▓)▓.▓.▓.▓_
▓.▓.▓[▓.▓[▓.▓.▓.▓_
▓.▓.▓[▓.▓)▓.▓.▓.▓_
▓.▓.▓=▓.▓)▓.▓.▓.▓_
▓.▓.▓[▓.▓)▓.▓†▓.▓_
▓.▓.▓.▓.▓)▓.▓†▓.▓_
▓.▓.▓.▓.▓)▓.▓.▓.▓_
▓.▓.▓.▓.▓.▓.▓.▓_


You could see a pharaoh ant and a jumping spider.

Vanquished Creatures
  Saint Roka (D)
  Kirke (D)
  A frost giant (D)
  A stone giant (D)
  Nessos (D)
  2 fire dragons (D)
  A hydra (D)
  An ogre mage (D)
  Erolcha (D)
  Harold (D)
  2 two-headed ogres (D)
  A tengu warrior (D)
  A deep troll earth mage (D)
  A deep troll shaman (D)
  Sonja (D)
  A wizard (D)
  12 orc knights (D)
  2 ugly things (D)
  A mana viper (D)
  An orc sorcerer (D)
  A cyclops (D)
  A moth of wrath (D)
  Maurice (D)
  A salamander (D)
  5 black mambas (D)
  2 guardian serpents (D)
  2 torpor snails (D)
  2 cane toads (D)
  A komodo dragon (shapeshifter) (D)
  A kobold demonologist (D)
  A meliai (D)
  4 polar bears (D)
  A tarantella (D)
  A jumping spider (D)
  A culicivora (D)
  A vampire (D)
  9 yaks (D)
  A wraith (D)
  2 humans (D)
  A hog (D)
  A vampire mosquito (D)
  2 redbacks (D)
  A basilisk (D)
  4 water moccasins (D)
  19 orc warriors (D)
  2 wolves (D)
  6 black bears (D)
  2 bullfrogs (D)
  A scorpion (D)
  A hound (D)
  2 orc priests (D)
  An iguana (D)
  4 orc wizards (D)
  A white imp (D)
  7 orcs (D)
  A goblin (D)
  A hobgoblin (D)
  2 kobolds (D)
  A rat (D)
132 creatures vanquished.

Vanquished Creatures (others)
  A troll (D)
1 creature vanquished.

Grand Total: 133 creatures vanquished

Notes
Turn   | Place    | Note
-------+----------+-------------------------------------------
     0 | D        | fozzywoppz the Minotaur Fighter began the quest for the
                  | Orb.
     0 | D        | Reached XP level 1. HP: 19/19 MP: 0/0
     7 | D        | Reached skill level 4 in Fighting
    21 | D        | Noticed a hound
    21 | D        | Noticed an iguana
    21 | D        | Noticed a black bear
    25 | D        | Reached XP level 2. HP: 28/28 MP: 1/1
    28 | D        | Reached skill level 5 in Fighting
    28 | D        | Reached skill level 5 in Armour
    28 | D        | Reached skill level 5 in Shields
    28 | D        | Reached XP level 3. HP: 31/36 MP: 2/2
    31 | D        | Reached skill level 5 in Maces & Flails
    31 | D        | Reached XP level 4. HP: 27/44 MP: 3/3
    35 | D        | Killed a black bear
    36 | D        | Reached skill level 7 in Fighting
    36 | D        | Reached XP level 5. HP: 28/52 MP: 4/4
   127 | D        | Found a snail-covered altar of Cheibriados.
   127 | D        | Found a shadowy altar of Dithmenos.
   127 | D        | Found a white marble altar of Elyvilon.
   127 | D        | Found a blossoming altar of Fedhas.
   127 | D        | Found an opulent altar of Gozag.
   128 | D        | Found a hazy altar of Hepliaklqana.
   129 | D        | Found a viscous altar of Jiyva.
   130 | D        | Found an ancient bone altar of Kikubaaqudgha.
   131 | D        | Found a corrupted altar of Lugonu.
   132 | D        | Found a burning altar of Makhleb.
   133 | D        | Found a sparkling altar of Nemelex Xobeh.
   134 | D        | Found an iron altar of Okawaru.
   135 | D        | Found a stormy altar of Qazlal.
   136 | D        | Found a sacrificial altar of Ru.
   137 | D        | Found a shimmering blue altar of Sif Muna.
   138 | D        | Found a bloodstained altar of Trog.
   139 | D        | Found a hide-covered altar of Uskayaw.
   140 | D        | Found a radiant altar of Vehumet.
   141 | D        | Found an ornate altar of the Wu Jian Council.
   142 | D        | Became a worshipper of Warmaster Okawaru
   143 | D        | Found a shimmering altar of Xom.
   144 | D        | Found a basalt altar of Yredelemnul.
   145 | D        | Found a glowing silver altar of Zin.
   146 | D        | Found a glowing golden altar of the Shining One.
   197 | D        | Noticed a two-headed ogre
   197 | D        | Noticed a yak
   197 | D        | Noticed a vampire
   197 | D        | Noticed a yak
   197 | D        | Noticed a yak
   197 | D        | Noticed a yak
   204 | D        | Killed a two-headed ogre
   204 | D        | Reached * piety under Okawaru
   204 | D        | Reached ** piety under Okawaru
   204 | D        | Reached *** piety under Okawaru
   205 | D        | Reached skill level 10 in Fighting
   205 | D        | Reached skill level 10 in Maces & Flails
   205 | D        | Reached skill level 10 in Armour
   205 | D        | Reached skill level 10 in Shields
   205 | D        | Reached XP level 6. HP: 25/67 MP: 5/5
   205 | D        | Reached XP level 7. HP: 28/73 MP: 6/6
   208 | D        | Killed a yak
   214 | D        | Killed a vampire
   215 | D        | Reached skill level 11 in Fighting
   215 | D        | Reached XP level 8. HP: 19/82 MP: 7/7
   224 | D        | Reached **** piety under Okawaru
   231 | D        | Noticed a red ugly thing
   231 | D        | Noticed a five-headed hydra
   231 | D        | Noticed a kobold demonologist
   231 | D        | Noticed a two-headed ogre
   237 | D        | Killed a red ugly thing
   238 | D        | Reached skill level 12 in Fighting
   243 | D        | Killed a five-headed hydra
   243 | D        | Reached ***** piety under Okawaru
   244 | D        | Reached skill level 13 in Fighting
   244 | D        | Reached XP level 9. HP: 16/93 MP: 8/8
   249 | D        | Received a gift from Okawaru
   254 | D        | Killed a kobold demonologist
   258 | D        | Killed a two-headed ogre
   259 | D        | Reached skill level 14 in Fighting
   582 | D        | Reached XP level 10. HP: 104/104 MP: 6/9
   602 | D        | Noticed a torpor snail
   602 | D        | Noticed a cane toad
   612 | D        | Killed a torpor snail
   613 | D        | Reached skill level 1 in Dodging
   613 | D        | Noticed a cane toad
   614 | D        | Reached skill level 15 in Fighting
   614 | D        | Reached skill level 15 in Armour
   614 | D        | Reached skill level 15 in Shields
   621 | D        | Killed a cane toad
   622 | D        | Reached skill level 15 in Maces & Flails
   626 | D        | Reached skill level 5 in Dodging
   630 | D        | Killed a cane toad
   949 | D        | Noticed an orc knight
   951 | D        | Noticed an orc knight
   955 | D        | Killed an orc knight
   959 | D        | Reached XP level 11. HP: 112/112 MP: 10/10
   965 | D        | Killed an orc knight
  1162 | D        | Noticed an orc sorcerer
  1162 | D        | Noticed an orc knight
  1164 | D        | Paralysed by an orc sorcerer for 5 turns
  1171 | D        | Killed an orc sorcerer
  1183 | D        | Killed an orc knight
  1183 | D        | Reached ****** piety under Okawaru
  1184 | D        | Reached skill level 10 in Dodging
  1461 | D        | Found Enoss's Distillery.
  1461 | D        | Noticed an orc knight
  1461 | D        | Noticed an orc knight
  1461 | D        | Noticed an orc knight
  1461 | D        | Noticed an orc knight
  1464 | D        | Noticed an orc knight
  1471 | D        | Killed an orc knight
  1472 | D        | Reached skill level 5 in Invocations
  1472 | D        | Found Attiw's Jewellery Shoppe.
  1478 | D        | Killed an orc knight
  1478 | D        | Identified the +2 kite shield of Leapfrog {rCorr Int-5
                  | SInv} (Okawaru gifted it to you in the Dungeon)
  1478 | D        | Received a gift from Okawaru
  1479 | D        | Noticed an orc knight
  1484 | D        | Killed an orc knight
  1485 | D        | Reached skill level 16 in Fighting
  1490 | D        | Killed an orc knight
  1493 | D        | Noticed an orc knight
  1494 | D        | Killed an orc knight
  1495 | D        | Found Suacusu's Weapon Emporium.
  1495 | D        | Noticed an orc knight
  1500 | D        | Killed an orc knight
  1503 | D        | Found Jiniot's Antique Armour Shoppe.
  1509 | D        | Killed an orc knight
  1514 | D        | Killed an orc knight
  1515 | D        | Reached skill level 17 in Fighting
  1716 | D        | Bought a potion of resistance for 110 gold pieces
  1716 | D        | Bought a potion of might for 44 gold pieces
  1716 | D        | Bought a potion of haste for 110 gold pieces
  1716 | D        | Bought a potion of heal wounds for 55 gold pieces
  1726 | D        | Bought a +5 ring of evasion for 504 gold pieces
  1726 | D        | Bought an amulet of regeneration for 420 gold pieces
  1753 | D        | Noticed Sonja
  1753 | D        | Noticed Erolcha
  1765 | D        | Killed Erolcha
  1777 | D        | Killed Sonja
  1847 | D        | Noticed Harold
  1856 | D        | Killed Harold
  1857 | D        | Reached XP level 12. HP: 119/126 MP: 17/17
  1888 | D        | Noticed Maurice
  1895 | D        | Killed Maurice
  2032 | D        | Noticed an ogre mage
  2034 | D        | Noticed a fire dragon
  2040 | D        | Noticed a frost giant
  2049 | D        | Reached skill level 18 in Fighting
  2076 | D        | Killed an ogre mage
  2077 | D        | Reached skill level 10 in Invocations
  2080 | D        | Noticed a fire dragon
  2086 | D        | Killed a fire dragon
  2089 | D        | Noticed a tengu warrior
  2092 | D        | Noticed a deep troll earth mage
  2093 | D        | Killed a frost giant
  2094 | D        | Received a gift from Okawaru
  2099 | D        | Killed a fire dragon
  2107 | D        | Killed a tengu warrior
  2112 | D        | Killed a deep troll earth mage
  2113 | D        | Reached skill level 19 in Fighting
  2123 | D        | Noticed a stone giant
  2123 | D        | Noticed a deep troll shaman
  2136 | D        | Killed a stone giant
  2139 | D        | Killed a deep troll shaman
  2140 | D        | Reached skill level 15 in Dodging
  2257 | D        | Noticed Nessos
  2270 | D        | Noticed Saint Roka
  2301 | D        | Killed Saint Roka
  2301 | D        | Identified the +0 robe of Idealism {+Blink rElec Int-4}
                  | (Okawaru gifted it to you in the Dungeon)
  2301 | D        | Received a gift from Okawaru
  2317 | D        | Killed Nessos
  2318 | D        | Reached skill level 20 in Fighting
  2406 | D        | Noticed Kirke
  2414 | D        | Killed Kirke
  2415 | D        | Reached skill level 1 in Throwing
  2415 | D        | Reached XP level 13. HP: 139/139 MP: 21/21
  2539 | D        | HP: 7/140 [pharaoh ant (25)]
  2539 | D        | Slain by a pharaoh ant

Illustrated notes

Levels and vault maps discovered:
D:        linesprint [early_d, line_temple, items_1, d_10, items_2, lair_1,
          lair_end, items_3, orc_1, orc_end, items_4, d_15, swamp_1, shoals_1,
          snake_1, spider_1, d_20, vaults_1, items_5, swamp_end, shoals_end,
          snake_end, spider_end, vaults_end, d_27, items_6, zot_1, zot_end,
          crypt_end, forest_end, elf_end, slime_end, tomb_end, abyss_end,
          pan_hell_end]

Skill      XL: |  1  2  3  4  5  6  7  8  9 10 11 12 13 |
---------------+----------------------------------------+-----
Fighting       | 4 5 7 10 11 13 14 15 17 20 | 20.5
Armour         | 4 5 7 10 11 13 14 15 18 | 18.9
Shields        | 4 5 7 10 11 13 14 15 | 15.8
Maces & Flails | 3 4 5 6 10 13 14 17 18 | 18.0
Dodging        | 9 13 15 | 15.7
Invocations    | 9 12 13 | 13.0
Throwing       | 1 4 |  4.3

Action                     |  1- 3 |  4- 6 |  7- 9 | 10-12 | 13-15 || total
---------------------------+-------+-------+-------+-------+-------++-------
  Melee: Flail             |    16 |     5 |       |       |       ||    21
         Headbutt          |     2 |     1 |     7 |    84 |    15 ||   109
         Morningstar       |       |     4 |    46 |   316 |    67 ||   433
 Invoke: Heroism           |       |       |     1 |     3 |       ||     4
         Finesse           |       |       |       |     3 |     1 ||     4
  Evoke: Wand              |       |       |     4 |     4 |       ||     8
    Use: Potion            |       |     3 |     2 |     4 |       ||     9
 Armour: Scale mail        |     8 |     3 |    10 |    30 |       ||    51
         Plate armour      |       |       |       |    57 |    21 ||    78
  Dodge: Dodged            |     4 |     4 |    11 |   116 |    34 ||   169
  Block: Buckler           |     2 |     3 |     6 |    51 |       ||    62
         Tower shield      |       |       |       |    85 |    71 ||   156

Table legend: (Time is in decaauts)
 A = Elapsed time spent in this place.
 B = Non-inter-level travel time spent in this place.
 C = Inter-level travel time spent in this place.
 D = Time resting spent in this place.
 E = Time spent auto-exploring this place.
 F = Levels seen in this place.
 G = Mean time per level.
                   A        B        C        D        E       F      G
               +--------+--------+--------+--------+--------+-----+--------+
         Total |   2411 |   2411 |      0 |   1145 |     90 |   1 | 2411.0 |
       Dungeon |   2411 |   2411 |      0 |   1145 |     90 |   1 | 2411.0 |
               +--------+--------+--------+--------+--------+-----+--------+

Top non-repeatable levels by time:
       D: 2411 daAuts
